 Dungeon Crawl Stone Soup version 0.18-a0-1774-gce1f7b6 (webtiles) character file.

11 M4edhros the Grave Robber (level 2, 0/17 HPs)
             Began as an Octopode Necromancer on Apr 15, 2016.
             Slain by an adder (3 damage)
             ... on level 2 of the Dungeon.
             The game lasted 00:01:35 (225 turns).

M4edhros the Grave Robber (Octopode Necromancer)     Turns: 225, Time: 00:01:35

Health: 0/17       AC:  1    Str:  7    XL:     2   Next: 29%
Magic:  2/5        EV: 14    Int: 17    God:
Gold:   15         SH:  0    Dex: 12    Spells: 1 memorised, 4 levels left

rFire  . . .     SeeInvis .       - Unarmed
rCold  . . .     Gourm    .     (no shield)
rNeg   . . .     Faith    .     (helmet restricted)
rPois  .         Spirit   .     (no amulet)
rElec  .         Dismiss  .     (no ring)
rCorr  .         Reflect  .     (no ring)
SustAt .         Harm     .     (no ring)
MR     .....                    (no ring)
Stlth  +++.......               (no ring)
                                (no ring)
                                (no ring)
                                (no ring)

@: not resistant to hostile enchantments, fairly stealthy
A: almost no armour, amphibious, 8 rings, constrict 8, antennae 1, repulsion
field 1, camouflage 1, regeneration 1, gelatinous body 1
a: no special abilities


You were on level 2 of the Dungeon.
You were not hungry.

You visited 1 branch of the dungeon, and saw 2 of its levels.

You collected 15 gold pieces.

Inventory:

Hand Weapons
 d - a +0 mace of holy wrath
Potions
 f - a potion of haste {unknown}
Books
 a - a book of Necromancy

   Spells                             Type                      Level
   a - Pain                           Necromancy                   1
   b - Animate Skeleton               Necromancy                   1
   c - Vampiric Draining              Necromancy                   3
   d - Regeneration                   Charms/Necromancy            3
   e - Animate Dead                   Necromancy                   4
   f - Control Undead                 Necromancy                   4
Comestibles
 b - a bread ration
 g - 2 chunks of flesh


   Skills:
 - Level 2.0 Dodging
 - Level 2.6 Stealth
 + Level 1.9 Unarmed Combat
 - Level 2.0 Spellcasting
 - Level 4.0 Necromancy


You had 4 spell levels left.
You knew the following spells:

 Your Spells              Type           Power        Failure   Level  Hunger
a - Pain                  Necr           ###.         3%          1    #......


Dungeon Overview and Level Annotations

Branches:
Dungeon (2/15)

Altars:
Makhleb


Innate Abilities, Weirdness & Mutations

You cannot wear most types of armour.
You are amphibious.
You can wear up to eight rings at the same time.
You can use your tentacles to constrict eight enemies at once.
Your skin changes colour to match your surroundings (Stealth).
Your rubbery body absorbs attacks (AC +1).
You have a pair of small antennae on your head.
You are surrounded by a mild repulsion field (EV +2).
Your natural rate of healing is unusually fast.


Message History

The adder bites you but does no damage.
You closely miss the adder. You grab the adder.
The adder is moderately wounded.
You constrict the adder. The adder bites you.
Casting: Pain
Confirm with . or Enter, or press ? or * to list all spells.
Aiming: Pain
Press: ? - help, Shift-Dir - straight line, f/p - hobgoblin
Aim: a hobgoblin (severely wounded, chance to defeat MR: 92%)
The adder barely resists.
You constrict the adder. The adder misses you. The adder bites you.
* * * LOW HITPOINT WARNING * * *
You tentacle-slap the adder.
The adder is severely wounded.
You constrict the adder. The adder closely misses you.
You tentacle-slap the adder but do no damage.
You squeeze the adder, but do no damage.
The adder is severely wounded.
You constrict the adder. The adder bites you.
You die...

#.# #.# #.# #.#
#.# #.# #.# #.#
#.# #.#
######.###<# #.#
#..........#
##.####.####.#####
#.......# #.#
#.####..# #.# #@#
#..# #$# #S## #..#
#.. #g.# #..# ###
####''####.#
#≈≈≈..≈≈≈#.#
#≈≈§..≈≈§#.#
#≈≈≈≈.§≈§#
+..≈÷≈.(§+
+...≈.≈..+


You could see an adder and a hobgoblin.

Vanquished Creatures
  An adder (D:2)
  A giant cockroach (D:1)
  A rat (D:2)
3 creatures vanquished.

Notes
Turn   | Place    | Note
--------------------------------------------------------------
     0 | D:1      | M4edhros the Octopode Necromancer began the quest for the Orb.
     0 | D:1      | Reached XP level 1. HP: 11/11 MP: 3/3
   174 | D:2      | Reached skill level 1 in Unarmed Combat
   174 | D:2      | Reached XP level 2. HP: 1/17 MP: 1/5
   203 | D:2      | Found a burning altar of Makhleb.
   206 | D:2      | Gained mutation: You are surrounded by a mild repulsion field (EV +2). [potion of mutation]
   206 | D:2      | Gained mutation: Your natural rate of healing is unusually fast. [potion of mutation]
   206 | D:2      | Gained mutation: You have a pair of small antennae on your head. [potion of mutation]
   225 | D:2      | Slain by an adder

Vault maps used:
D:1:      scummos_arrival_forest, st_stairs_13
D:2:      overflow_temple_1_default, kennysheep_generic_room_4, uniq_terence,
          uniq_jessica, uniq_crazy_yiuf_cottage

Skill      XL: |  1 |
---------------+----+-----
Unarmed Combat | 1 |  1.9
Dodging        | |  2.0
Stealth        | |  2.6
Spellcasting   | |  2.0
Necromancy     | |  4.0

Action                   || total
-------------------------++-------
Melee: Unarmed           ||    15
       Constrict         ||     3
       Tentacles         ||     3
 Cast: Pain              ||     5
  Use: Potion            ||     2
 Stab: Sleeping          ||     2
Armor: Skin              ||     3
Dodge: Dodged            ||     8
